 Dungeon Sprint DCSS version 0.27-a0-448-gace5c5693b (webtiles) character file.

Game seed: 2648043726074736673

8070 mhtbhm the Severer (level 11, -2/142 (165) HPs)
             Began as a Minotaur Fighter on Feb 27, 2021.
             Was the Champion of Trog.
             Killed from afar by a Tzitzimitl (65 damage)
             ... with a bolt of negative energy
             ... in the Dungeon (Sprint VII: "The Pits").
             The game lasted 00:02:30 (2060 turns).

mhtbhm the Severer (Minotaur Fighter)               Turns: 2060, Time: 00:02:30

HP:   -2/142 (165)  AC: 14    Str: 25    XL:     11   Next: 5%
MP:   10/10         EV: 12    Int:  5    God:    Trog [******]
Gold: 0             SH: 14    Dex:  9    Spells: 10/10 levels left

rFire    . . .     SeeInvis .   a - +1 broad axe (flame)
rCold    . . .     Faith    .   c - +0 kite shield
rNeg     . . .     Spirit   .   b - +1 scale mail {rPois}
rPois    +         Reflect  .   (helmet restricted)
rElec    .         Harm     .   p - +0 cloak
rCorr    .         Rampage  .   (no gloves)
Will     .....     NoTele   +   o - +0 pair of boots
Stlth    ..........             (no amulet)
HPRegen  0.33/turn              (no ring)
MPRegen  0.12/turn              (no ring)

@: berserking (expiring), slowed, heavily drained
A: retaliatory headbutt, horns 2, no potion heal 1
a: Renounce Religion, Berserk, Trog's Hand, Brothers in Arms


You were in the Dungeon.
You worshipped Trog.
Trog was exalted by your worship.
You visited 1 branch

Inventory:

Hand Weapons
 a - a +1 broad axe of flaming (weapon)
Missiles
 q - 19 javelins (quivered)
Armour
 b - a +1 scale mail of poison resistance (worn)
 c - a +0 kite shield (worn)
 o - a +0 pair of boots (worn)
 p - a +0 cloak (worn)
Jewellery
 m - a +3 ring of evasion
 n - a +3 ring of dexterity
Scrolls
 j - a scroll of blinking
 l - a scroll of summoning
Potions
 d - 3 potions of might
 e - 6 potions of curing
 f - 14 potions of heal wounds
 g - 2 potions of haste
 h - 4 potions of magic
 i - 3 potions of berserk rage
 k - 2 potions of invisibility


   Skills:
 + Level 14.2 Fighting
 + Level 17.5 Axes
 + Level 14.2 Armour
 + Level 5.6 Dodging
 + Level 0.2 Stealth
 + Level 15.6 Shields


You had 10 spell levels left.
You didn't know any spells.
Your spell library was empty.

Dungeon Overview and Level Annotations

Branches:
Dungeon (1/1)

Altars:
Ashenzari
Cheibriados
Dithmenos
Elyvilon
Fedhas
Gozag
Hepliaklqana
Kikubaaqudgha
Makhleb
Nemelex Xobeh
Okawaru
Qazlal
Ru
Sif Muna
Trog
Uskayaw
Vehumet
Wu Jian
Xom
Yredelemnul
Zin
The Shining One
Beogh
Jiyva
Lugonu


Innate Abilities, Weirdness & Mutations

You reflexively headbutt those who attack you in melee.
You have a pair of horns on your head.
Potions are less effective at restoring your health.


Message History

You start resting.
HP restored.
You start waiting.
You recover from your berserk rage.
As you open the large door, it creaks loudly!
A Tzitzimitl comes into view.
The Tzitzimitl roars!
A red film seems to cover your vision as you go berserk!
You feel yourself moving faster!
You feel mighty! The Tzitzimitl gestures at you.
The bolt of negative energy hits you!!
You feel drained.
You feel a strong urge to attack something.
The Tzitzimitl engulfs you but does no damage.
The Tzitzimitl bites you but does no damage.
There is a large open door to the Hallway of Sentries (Extremely Hard) here.
You miss the Tzitzimitl. The Tzitzimitl engulfs you.
The Tzitzimitl drains your vigour!
You feel yourself slow down. You block the Tzitzimitl's attack.
You hit the Tzitzimitl. You burn the Tzitzimitl. You headbutt the Tzitzimitl!!
The Tzitzimitl is lightly wounded.
You hit the Tzitzimitl. You burn the Tzitzimitl.
The Tzitzimitl is moderately wounded.
The Tzitzimitl calls on the powers of darkness!
Your body is wracked with pain!
You are too injured to fight recklessly!
You are too injured to fight recklessly!
You are too injured to fight recklessly!
You are too injured to fight recklessly!
You are too injured to fight recklessly!
You are too injured to fight recklessly!
You are too injured to fight recklessly!
You are too injured to fight recklessly!
You are too injured to fight recklessly!
You are too injured to fight recklessly!
You are too injured to fight recklessly!
You closely miss the Tzitzimitl. Your headbutt misses the Tzitzimitl.
The Tzitzimitl is moderately wounded.
The Tzitzimitl gestures at you. The bolt of negative energy hits you!!!
You feel drained.
You die...

#+# #.# #1#
################@#
....)............#
.................#
+##############..#
#†[# #..# #..#
#..# #..#


You could see a Tzitzimitl.

Vanquished Creatures
  A shadow dragon (D)
  A minotaur (D)
  A centaur warrior (D)
  Sonja (D)
  A sea snake (D)
  A deep elf zephyrmancer (D)
  A molten gargoyle (D)
  A komodo dragon (D)
  2 efreet (D)
  A rime drake (D)
  A red devil (D)
  A tyrant leech (D)
  4 dream sheep (D)
  A snapping turtle (D)
  A neqoxec (D)
  2 floating eyes (D)
  An orc warrior (D)
  A wolf (D)
  2 bullfrogs (D)
  A scorpion (D)
  4 wights (D)
  2 gnoll shamans (D)
  An orc wizard (D)
  A mummy (D)
  6 gnolls (D)
  A river rat (D)
  An orc (D)
  A bat skeleton (D)
  A giant cockroach (D)
  A quokka (D)
  A ball python zombie (D)
  A bat (D)
  3 frilled lizards (D)
  A giant cockroach zombie (D)
51 creatures vanquished.

Notes
Turn   | Place    | Note
-------+----------+-------------------------------------------
     0 | D        | mhtbhm the Minotaur Fighter began the quest for the Orb.
     0 | D        | Reached XP level 1. HP: 19/19 MP: 0/0
    11 | D        | Noticed a floating eye
    13 | D        | Paralysed by a floating eye for 2 turns
    15 | D        | Killed a floating eye
    16 | D        | Reached skill level 4 in Axes
    16 | D        | Reached XP level 2. HP: 34/34 MP: 1/1
    16 | D        | Reached XP level 3. HP: 39/39 MP: 2/2
    16 | D        | Reached XP level 4. HP: 47/47 MP: 3/3
    20 | D        | Found a bloodstained altar of Trog.
    20 | D        | Found a shimmering blue altar of Sif Muna.
    20 | D        | Found a viscous altar of Jiyva.
    20 | D        | Found a hazy altar of Hepliaklqana.
    20 | D        | Found an opulent altar of Gozag.
    21 | D        | Found a glowing golden altar of the Shining One.
    21 | D        | Found a glowing silver altar of Zin.
    21 | D        | Found a basalt altar of Yredelemnul.
    21 | D        | Found a shimmering altar of Xom.
    21 | D        | Found an ornate altar of the Wu Jian Council.
    21 | D        | Found a sacrificial altar of Ru.
    21 | D        | Found a stormy altar of Qazlal.
    21 | D        | Found an iron altar of Okawaru.
    21 | D        | Found a sparkling altar of Nemelex Xobeh.
    21 | D        | Found a burning altar of Makhleb.
    21 | D        | Found a blossoming altar of Fedhas.
    21 | D        | Found a white marble altar of Elyvilon.
    21 | D        | Found a shadowy altar of Dithmenos.
    21 | D        | Found a snail-covered altar of Cheibriados.
    23 | D        | Found a radiant altar of Vehumet.
    23 | D        | Found a corrupted altar of Lugonu.
    23 | D        | Found a roughly hewn altar of Beogh.
    25 | D        | Became a worshipper of Trog the Wrathful
    73 | D        | Reached * piety under Trog
    91 | D        | Reached ** piety under Trog
    93 | D        | Noticed a bullfrog
    97 | D        | Killed a bullfrog
    98 | D        | Reached skill level 5 in Axes
    98 | D        | Reached XP level 5. HP: 40/53 MP: 4/4
   211 | D        | Noticed a wolf
   218 | D        | Reached *** piety under Trog
   219 | D        | Noticed a floating eye
   223 | D        | Killed a wolf
   224 | D        | Reached skill level 6 in Axes
   224 | D        | Reached XP level 6. HP: 62/62 MP: 5/5
   224 | D        | Reached **** piety under Trog
   225 | D        | Reached skill level 7 in Axes
   225 | D        | Paralysed by a floating eye for 2 turns
   231 | D        | Killed a floating eye
   232 | D        | Reached skill level 8 in Axes
   232 | D        | Reached skill level 10 in Shields
   241 | D        | Reached skill level 1 in Dodging
   241 | D        | Reached XP level 7. HP: 32/70 MP: 6/6
   244 | D        | Reached ***** piety under Trog
   248 | D        | Reached skill level 10 in Armour
   257 | D        | Reached skill level 9 in Axes
   260 | D        | Identified the +8 rapier "Qecwawyi" {flame, rF+ Will+
                  | Dex-5} (Trog gifted it to you in the Dungeon)
   260 | D        | Received a gift from Trog
   509 | D        | Noticed an efreet
   513 | D        | Killed an efreet
   514 | D        | Reached skill level 10 in Fighting
   514 | D        | Reached skill level 10 in Axes
   563 | D        | Reached XP level 8. HP: 62/79 MP: 7/7
   565 | D        | Received a gift from Trog
   635 | D        | Noticed a molten gargoyle
   635 | D        | Noticed a deep elf zephyrmancer
   646 | D        | Killed a deep elf zephyrmancer
   647 | D        | Reached skill level 11 in Axes
   649 | D        | Killed a molten gargoyle
   650 | D        | Reached skill level 12 in Axes
   897 | D        | Found a hide-covered altar of Uskayaw.
   897 | D        | Found an ancient bone altar of Kikubaaqudgha.
   897 | D        | Found a broken altar of Ashenzari.
   920 | D        | Noticed a dream sheep
   920 | D        | Noticed a dream sheep
   920 | D        | Noticed a dream sheep
   920 | D        | Noticed a dream sheep
   927 | D        | Killed a dream sheep
   927 | D        | Killed a dream sheep
   928 | D        | Reached skill level 13 in Axes
   928 | D        | Reached XP level 9. HP: 66/89 MP: 8/8
   928 | D        | Reached ****** piety under Trog
   930 | D        | Received a gift from Trog
  1050 | D        | Noticed a red devil
  1051 | D        | Gained mutation: Potions are less effective at restoring
                  | your health. [a neqoxec]
  1065 | D        | Killed a red devil
  1085 | D        | Noticed a komodo dragon
  1085 | D        | Noticed a centaur warrior
  1085 | D        | Noticed a sea snake
  1095 | D        | Killed a sea snake
  1095 | D        | Killed a centaur warrior
  1096 | D        | Reached skill level 15 in Axes
  1096 | D        | Reached XP level 10. HP: 70/99 MP: 9/9
  1479 | D        | Noticed Sonja
  1494 | D        | Received a gift from Trog
  1501 | D        | Killed Sonja
  1740 | D        | Noticed a shadow dragon
  1754 | D        | Killed a shadow dragon
  1755 | D        | Reached skill level 16 in Axes
  1755 | D        | Reached skill level 5 in Dodging
  1755 | D        | Reached skill level 15 in Shields
  1994 | D        | Noticed a minotaur
  1999 | D        | Reached skill level 17 in Axes
  2005 | D        | Killed a minotaur
  2006 | D        | Reached XP level 11. HP: 110/110 MP: 10/10
  2054 | D        | Noticed a Tzitzimitl
  2060 | D        | Killed from afar by a Tzitzimitl

Illustrated notes

Levels and vault maps discovered:
D:        pitsprint [storerooms_1, entrance_room_1, metal_vault_4, armoury_2,
          mini_pit_1, grid_room_1, main_hall_1, silver_pit, the_coven_1,
          the_vestibule_1, steel_vault_3, golden_pit, hallway_of_sentries,
          crystal_vault_6, iron_vault_1, final_vault]

Skill      XL: |  1  2  3  4  5  6  7  8  9 10 |
---------------+-------------------------------+-----
Fighting       | 7 8 9 10 11 12 14 | 14.2
Axes           | 4 5 6 8 10 13 15 17 | 17.5
Armour         | 6 7 8 9 11 12 13 14 | 14.2
Shields        | 6 8 9 10 11 13 14 15 | 15.6
Dodging        | 1 2 3 5 |  5.6
Stealth        | |  0.2

Action                   |  1- 3 |  4- 6 |  7- 9 | 10-12 || total
-------------------------+-------+-------+-------+-------++-------
Melee: War axe           |     2 |       |    12 |       ||    14
       Headbutt          |     1 |     7 |     8 |     8 ||    24
       Hand axe          |       |    42 |    37 |       ||    79
       Broad axe         |       |       |    19 |    42 ||    61
Invok: Berserk           |       |     1 |     3 |     4 ||     8
  Use: Potion            |       |       |     1 |       ||     1
Armor: Scale mail        |       |    12 |     3 |    16 ||    31
       Chain mail        |       |    20 |    18 |       ||    38
Dodge: Dodged            |       |    17 |    16 |    16 ||    49
Block: Kite shield       |       |    43 |    41 |    28 ||   112

Table legend: (Time is in decaauts)
 A = Elapsed time spent in this place.
 B = Non-inter-level travel time spent in this place.
 C = Inter-level travel time spent in this place.
 D = Time resting spent in this place.
 E = Time spent auto-exploring this place.
 F = Levels seen in this place.
 G = Mean time per level.
                   A        B        C        D        E       F      G
               +--------+--------+--------+--------+--------+-----+--------+
         Total |   2126 |   2126 |      0 |   1340 |    282 |   1 | 2126.0 |
       Dungeon |   2126 |   2126 |      0 |   1340 |    282 |   1 | 2126.0 |
               +--------+--------+--------+--------+--------+-----+--------+

Top non-repeatable levels by time:
       D: 2126 daAuts
